 Dungeon Crawl Stone Soup version 0.13.0-29-gdb529de (webtiles) character file.

570 BoredOne the Ruinous (level 6, -5/35 HPs)
             Began as a Gargoyle Conjurer on Nov 9, 2013.
             Was an Initiate of Vehumet.
             Slain by an ogre
             ... wielding a +0,+0 giant club
              (27 damage)
             ... on Level 4 of the Dungeon.
             The game lasted 00:13:48 (4624 turns).

BoredOne the Ruinous (Gargoyle Conjurer)            Turns: 4624, Time: 00:13:48

HP  -5/35        AC  7     Str 11      XL: 6   Next: 94%
MP   1/9         EV 10     Int 18      God: Vehumet [......]
Gold 150         SH  0     Dex 10      Spells:  3 memorised,  0 levels left

Res.Fire  : + . .   See Invis. : .   o - +1 whip (reach)
Res.Cold  : x . .   Warding    : .   i - +0 orc leather armour
Life Prot.: + . .   Conserve   : .   (no shield)
Res.Poison: +       Res.Corr.  : .   (no helmet)
Res.Elec. : +       Clarity    : .   (no cloak)
Sust.Abil.: . .     Spirit.Shd : .   (no gloves)
Res.Mut.  : .       Stasis     : .   (no boots)
Res.Rott. : +       Flight     : .   (no amulet)
Saprovore : . . .                    (no ring)
                                     m - ring of fire

@: slightly resistant to hostile enchantments, unstealthy
A: fangs 1, talons 2, life protection 1, electricity resistance, slow metabolism
1, unbreathing, petrification resistance, AC +4
a: Renounce Religion


You were on level 4 of the Dungeon.
You worshipped Vehumet.
Vehumet was noncommittal.
You were hungry.

You visited 2 branches of the dungeon, and saw 5 of its levels.
You also visited: Sewer.

You collected 130 gold pieces.

Inventory:

Hand weapons
 d - a -1,+0 orcish club (quivered)
 o - a +1,+1 whip of reaching (weapon)
Armour
 a - a +0 robe
 i - a +0 orcish leather armour (worn)
Comestibles
 b - 2 bread rations
 g - an apple
 t - a pear
Scrolls
 h - 2 scrolls of remove curse {unknown}
 j - 2 scrolls of blinking
 l - a scroll of identify
 n - 2 scrolls of noise
 p - a scroll of magic mapping
 r - a scroll of enchant armour {unknown}
 s - a scroll of curse jewellery {unknown}
 v - a scroll of amnesia {unknown}
 x - a scroll of recharging {unknown}
 y - a scroll of curse armour {unknown}
Jewellery
 m - a ring of fire (left hand)
Potions
 e - 5 potions of heal wounds
 f - 2 potions of brilliance {unknown}
 k - 8 potions of curing
 q - a potion of speed {unknown}
 w - a potion of confusion {unknown}
 z - 2 potions of mutation {unknown}
Books
 c - a book of Conjurations

   Spells                             Type                      Level
   *Magic Dart                        Conjuration                  1
   *Searing Ray                       Conjuration                  2
   Dazzling Spray                     Conjuration/Hexes            3
   *Iskenderun's Mystic Blast         Conjuration                  4
   Iskenderun's Battlesphere          Conjuration/Charms           4
   Fulminant Prism                    Conjuration/Hexes            5


   Skills:
 + Level 4.8 Fighting
 + Level 3.1 Maces & Flails
 - Level 1.5 Dodging
 - Level 2.1 Stealth
 - Level 1.0 Spellcasting
 + Level 6.2 Conjurations


You couldn't memorise any spells.
You knew the following spells:

 Your Spells              Type           Power        Failure   Level  Hunger
a - Magic Dart            Conj           ###.         1%          1    ##.....
b - Searing Ray           Conj           ###...       1%          2    ###....
c - Iskenderun's Mystic   Conj           ###.....     17%         4    #####..


Dungeon Overview and Level Annotations

Branches:
Dungeon (4/27)             Temple (1/1) D:4

Altars:
Cheibriados
Nemelex Xobeh
Vehumet

Annotations:
D:3 BoredOne's ghost, average GrCj


Innate Abilities, Weirdness & Mutations

You are resistant to torment.
You are immune to poison.
Your stone body is very resilient (AC +4).
You have very sharp teeth.
You have razor-sharp toenails.
You resist negative energy.
You are resistant to electric shocks.
You have a slow metabolism.
You can survive without breathing.
You are immune to petrification.


Message History

Aiming: Searing Ray
Press: ? - help, Shift-Dir - straight line, f/p - ogre
Aim: an ogre, wielding a giant spiked club (moderately wounded)
The searing ray hits the ogre.
The ogre is heavily wounded.
The searing ray hits the ogre.
The ogre is severely wounded.
The ogre closely misses you.
The searing ray hits the ogre.
You kill the ogre!
Vehumet accepts your kill.
Your Maces & Flails skill increases to level 3!
You hit the ogre. Your kick misses the ogre.
The ogre is heavily wounded.
The ogre barely misses you.
You completely miss the ogre.
The ogre is heavily wounded.
The ogre hits you with a giant club!
Ouch! That really hurt!
You die...

....... ...............###..
........ ...............# #.⌠
......... ............### #..
.......O# #..........# #.#
........# #..........# #.#
.........# #..........# #.#
.........# #..........#####.#
.........#####.............<..#
.............O@................
##############################


You could see an ogre.

Vanquished Creatures
  An ogre (D:4)
  A big kobold (Sewer)
  A big fish (Sewer)
  A scorpion (D:3)
  An orc priest (D:3)
  2 green rats (D:3)
  2 adders (D:3)
  5 worms
  3 grey rats (D:3)
  2 giant geckos
  An ooze (D:3)
  4 orcs (D:3)
  A ball python (D:3)
  12 goblins
  10 hobgoblins
  7 jackals
  13 kobolds
  3 quokkas
  8 bats
  5 giant cockroaches
  2 giant newts
  15 rats
100 creatures vanquished.

Notes
Turn   | Place    | Note
--------------------------------------------------------------
     0 | D:1      | BoredOne, the Gargoyle Conjurer, began the quest for the Orb.
     0 | D:1      | Reached XP level 1. HP: 10/10 MP: 3/3
     3 | D:1      | Noticed a shark
     3 | D:1      | Noticed a giant goldfish
   124 | D:1      | Reached skill level 1 in Fighting
   124 | D:1      | Reached XP level 2. HP: 4/15 MP: 0/4
   125 | D:1      | HP: 2/15 [giant newt (2)]
   136 | D:1      | Learned a level 2 spell: Searing Ray
   829 | D:1      | Reached skill level 2 in Fighting
   829 | D:1      | Reached XP level 3. HP: 12/19 MP: 5/5
  1970 | D:2      | Reached skill level 5 in Conjurations
  2427 | D:3      | Reached XP level 4. HP: 24/24 MP: 7/7
  2459 | D:3      | Reached skill level 3 in Fighting
  2492 | D:3      | HP: 2/24 [green rat (7)]
  2500 | D:3      | HP: 2/24 [green rat (1)]
  2665 | D:3      | Found a glowing drain.
  2728 | Sewer    | Entered a sewer
  2922 | Sewer    | Reached XP level 5. HP: 19/29 MP: 3/8
  3034 | Sewer    | Noticed a big kobold
  3353 | Sewer    | Killed a big kobold
  3353 | Sewer    | Reached skill level 4 in Fighting
  3353 | Sewer    | Reached skill level 1 in Maces & Flails
  3439 | Sewer    | Found a white marble altar of Elyvilon.
  3605 | D:3      | Reached skill level 2 in Maces & Flails
  3632 | D:3      | Reached XP level 6. HP: 21/35 MP: 1/9
  3876 | D:3      | Noticed BoredOne's ghost (average GrCj)
  4163 | D:3      | Reached skill level 6 in Conjurations
  4173 | D:3      | Learned a level 4 spell: Iskenderun's Mystic Blast
  4540 | D:4      | Found a staircase to the Ecumenical Temple.
  4550 | Temple   | Entered the Ecumenical Temple
  4557 | Temple   | Became a worshipper of Vehumet
  4622 | D:4      | Reached skill level 3 in Maces & Flails
  4624 | D:4      | Slain by an ogre

Action                   |  1- 3 |  4- 6 || total
-------------------------+-------+-------++-------
Melee: Unarmed           |    20 |       ||    20
       Club              |    68 |       ||    68
       Whip              |    70 |   205 ||   275
 Cast: Magic Dart        |     6 |     9 ||    15
       Searing Ray       |     2 |    14 ||    16
  Use: Potion            |       |     3 ||     3
       Scroll            |       |     4 ||     4
 Stab: Sleeping          |     1 |       ||     1
Dungeon Crawl Stone Soup version 0.13.0-29-gdb529de (webtiles) character file. 570 BoredOne the Ruinous (level 6, -5/35 HPs) Began as a Gargoyle Conjurer on Nov 9, 2013. Was an Initiate of Vehumet. Slain by an ogre ... wielding a +0,+0 giant club (27 damage) ... on Level 4 of the Dungeon. The game lasted 00:13:48 (4624 turns). BoredOne the Ruinous (Gargoyle Conjurer) Turns: 4624, Time: 00:13:48 HP -5/35 AC 7 Str 11 XL: 6 Next: 94% MP 1/9 EV 10 Int 18 God: Vehumet [......] Gold 150 SH 0 Dex 10 Spells: 3 memorised, 0 levels left Res.Fire : + . . See Invis. : . o - +1 whip (reach) Res.Cold : x . . Warding : . i - +0 orc leather armour Life Prot.: + . . Conserve : . (no shield) Res.Poison: + Res.Corr. : . (no helmet) Res.Elec. : + Clarity : . (no cloak) Sust.Abil.: . . Spirit.Shd : . (no gloves) Res.Mut. : . Stasis : . (no boots) Res.Rott. : + Flight : . (no amulet) Saprovore : . . . (no ring) m - ring of fire @: slightly resistant to hostile enchantments, unstealthy A: fangs 1, talons 2, life protection 1, electricity resistance, slow metabolism 1, unbreathing, petrification resistance, AC +4 a: Renounce Religion You were on level 4 of the Dungeon. You worshipped Vehumet. Vehumet was noncommittal. You were hungry. You visited 2 branches of the dungeon, and saw 5 of its levels. You also visited: Sewer. You collected 130 gold pieces. Dungeon Overview and Level Annotations Branches: Dungeon (4/27) Temple (1/1) D:4 Altars: Cheibriados Nemelex Xobeh Vehumet Annotations: D:3 BoredOne's ghost, average GrCj Innate Abilities, Weirdness & Mutations You are resistant to torment. You are immune to poison. Your stone body is very resilient (AC +4). You have very sharp teeth. You have razor-sharp toenails. You resist negative energy. You are resistant to electric shocks. You have a slow metabolism. You can survive without breathing. You are immune to petrification. Skills: + Level 4.8 Fighting + Level 3.1 Maces & Flails - Level 1.5 Dodging - Level 2.1 Stealth - Level 1.0 Spellcasting + Level 6.2 Conjurations You couldn't memorise any spells. You knew the following spells: Your Spells Type Power Failure Level Hunger a - Magic Dart Conj ###. 1% 1 ##..... b - Searing Ray Conj ###... 1% 2 ###.... c - Iskenderun's Mystic Conj ###..... 17% 4 #####.. Inventory: Hand weapons d - a -1,+0 orcish club (quivered) o - a +1,+1 whip of reaching (weapon) Armour a - a +0 robe i - a +0 orcish leather armour (worn) Comestibles b - 2 bread rations g - an apple t - a pear Scrolls h - 2 scrolls of remove curse {unknown} j - 2 scrolls of blinking l - a scroll of identify n - 2 scrolls of noise p - a scroll of magic mapping r - a scroll of enchant armour {unknown} s - a scroll of curse jewellery {unknown} v - a scroll of amnesia {unknown} x - a scroll of recharging {unknown} y - a scroll of curse armour {unknown} Jewellery m - a ring of fire (left hand) Potions e - 5 potions of heal wounds f - 2 potions of brilliance {unknown} k - 8 potions of curing q - a potion of speed {unknown} w - a potion of confusion {unknown} z - 2 potions of mutation {unknown} Books c - a book of Conjurations Spells Type Level *Magic Dart Conjuration 1 *Searing Ray Conjuration 2 Dazzling Spray Conjuration/Hexes 3 *Iskenderun's Mystic Blast Conjuration 4 Iskenderun's Battlesphere Conjuration/Charms 4 Fulminant Prism Conjuration/Hexes 5 Message History Aiming: Searing Ray Press: ? - help, Shift-Dir - straight line, f/p - ogre Aim: an ogre, wielding a giant spiked club (moderately wounded) The searing ray hits the ogre. The ogre is heavily wounded. The searing ray hits the ogre. The ogre is severely wounded. The ogre closely misses you. The searing ray hits the ogre. You kill the ogre! Vehumet accepts your kill. Your Maces & Flails skill increases to level 3! You hit the ogre. Your kick misses the ogre. The ogre is heavily wounded. The ogre barely misses you. You completely miss the ogre. The ogre is heavily wounded. The ogre hits you with a giant club! Ouch! That really hurt! You die... ....... ...............###.. ........ ...............# #.⌠ ......... ............### #.. .......O# #..........# #.# ........# #..........# #.# .........# #..........# #.# .........# #..........#####.# .........#####.............<..# .............O@................ ############################## You could see an ogre.

Action                   |  1- 3 |  4- 6 || total
-------------------------+-------+-------++-------
Melee: Unarmed           |    20 |       ||    20
       Club              |    68 |       ||    68
       Whip              |    70 |   205 ||   275
 Cast: Magic Dart        |     6 |     9 ||    15
       Searing Ray       |     2 |    14 ||    16
  Use: Potion            |       |     3 ||     3
       Scroll            |       |     4 ||     4
 Stab: Sleeping          |     1 |       ||     1

Vanquished Creatures
  An ogre (D:4)
  A big kobold (Sewer)
  A big fish (Sewer)
  A scorpion (D:3)
  An orc priest (D:3)
  2 green rats (D:3)
  2 adders (D:3)
  5 worms
  3 grey rats (D:3)
  2 giant geckos
  An ooze (D:3)
  4 orcs (D:3)
  A ball python (D:3)
  12 goblins
  10 hobgoblins
  7 jackals
  13 kobolds
  3 quokkas
  8 bats
  5 giant cockroaches
  2 giant newts
  15 rats
100 creatures vanquished. Notes Turn | Place | Note -------------------------------------------------------------- 0 | D:1 | BoredOne, the Gargoyle Conjurer, began the quest for the Orb. 0 | D:1 | Reached XP level 1. HP: 10/10 MP: 3/3 3 | D:1 | Noticed a shark 3 | D:1 | Noticed a giant goldfish 124 | D:1 | Reached skill level 1 in Fighting 124 | D:1 | Reached XP level 2. HP: 4/15 MP: 0/4 125 | D:1 | HP: 2/15 [giant newt (2)] 136 | D:1 | Learned a level 2 spell: Searing Ray 829 | D:1 | Reached skill level 2 in Fighting 829 | D:1 | Reached XP level 3. HP: 12/19 MP: 5/5 1970 | D:2 | Reached skill level 5 in Conjurations 2427 | D:3 | Reached XP level 4. HP: 24/24 MP: 7/7 2459 | D:3 | Reached skill level 3 in Fighting 2492 | D:3 | HP: 2/24 [green rat (7)] 2500 | D:3 | HP: 2/24 [green rat (1)] 2665 | D:3 | Found a glowing drain. 2728 | Sewer | Entered a sewer 2922 | Sewer | Reached XP level 5. HP: 19/29 MP: 3/8 3034 | Sewer | Noticed a big kobold 3353 | Sewer | Killed a big kobold 3353 | Sewer | Reached skill level 4 in Fighting 3353 | Sewer | Reached skill level 1 in Maces & Flails 3439 | Sewer | Found a white marble altar of Elyvilon. 3605 | D:3 | Reached skill level 2 in Maces & Flails 3632 | D:3 | Reached XP level 6. HP: 21/35 MP: 1/9 3876 | D:3 | Noticed BoredOne's ghost (average GrCj) 4163 | D:3 | Reached skill level 6 in Conjurations 4173 | D:3 | Learned a level 4 spell: Iskenderun's Mystic Blast 4540 | D:4 | Found a staircase to the Ecumenical Temple. 4550 | Temple | Entered the Ecumenical Temple 4557 | Temple | Became a worshipper of Vehumet 4622 | D:4 | Reached skill level 3 in Maces & Flails 4624 | D:4 | Slain by an ogre

Vault maps used:
D:1:      entry_aquarium_b
D:2:      serial_forest, infiniplex_forest_end_2, infiniplex_forest_3_way,
          infiniplex_forest_clump_long, infiniplex_forest_straight_3,
          infiniplex_forest_corner_1, infiniplex_forest_straight_2
D:3:      portal_sewer_entry_e, st_stairs_3
D:4:      minmay_temple_entry_junction, serial_shops, shop, uniq_iyjb,
          uniq_eustachio
Temple:   minmay_crystal_snake_temple_15
Sewer:    sewer_kobolds
